 Dungeon Crawl Stone Soup version 0.27.1-33-g824d729ab1 (webtiles) character file.

Game seed: 3176649813171137782

33 Latro the Covered (level 3, -2/30 HPs)
             Began as a Barachi Fighter on Dec 7, 2021.
             Was a Plaything of Xom.
             Slain by an orc (12 damage)
             ... on level 2 of the Dungeon.
             The game lasted 00:07:06 (1565 turns).

Latro the Covered (Barachi Fighter)                 Turns: 1565, Time: 00:07:07

Health: -2/30      AC:  9    Str: 18    XL:     3   Next: 29%
Magic:  3/3        EV:  5    Int:  8    God:    Xom [..*...]
Gold:   52         SH:  9    Dex: 17    Spells: 2/2 levels left

rFire    . . .     SeeInvis .   a - +0 long sword
rCold    . . .     Faith    .   c - +0 kite shield
rNeg     . . .     Spirit   .   j - +0 chain mail
rPois    .         Reflect  .   (no helmet)
rElec    .         Harm     .   (no cloak)
rCorr    .         Rampage  .   (no gloves)
Will     .....                  (no boots)
Stlth    ..........             (no amulet)
HPRegen  0.10/turn              b - +6 ring of dexterity
MPRegen  0.08/turn              (no ring)

@: slow
A: amphibious, slowness 1, strong legs 1, +LOS
a: Hop, Renounce Religion


You were on level 2 of the Dungeon.
You worshipped Xom.
You were a toy of Xom.
You visited 1 branch of the dungeon, and saw 2 of its levels.

You collected 52 gold pieces.

Inventory:

Hand Weapons
 a - a +0 long sword (weapon)
 e - a +0 falchion
Missiles
 i - 35 poisoned darts
Armour
 c - a +0 kite shield (worn)
 j - a +0 chain mail (worn)
Jewellery
 b - a +6 ring of dexterity (left hand)
Scrolls
 f - a scroll of silence {unknown}
 g - a scroll of magic mapping
Potions
 d - a potion of might
 h - a potion of attraction {unknown}


   Skills:
 + Level 4.0 Fighting
 + Level 3.0 Long Blades
 + Level 4.1 Armour
 + Level 3.6 Shields


You had 2 spell levels left.
You didn't know any spells.
Your spell library contained the following spells:

 Spells                   Type           Power      Damage    Failure   Level
 Summon Small Mammal      Summ           0%         N/A       100%        1
 Call Canine Familiar     Summ           0%         N/A       100%        3
 Summon Guardian Golem    Hex/Summ       0%         N/A       100%        3


Dungeon Overview and Level Annotations

Branches:
Dungeon (2/15)

Altars:
Xom


Innate Abilities, Weirdness & Mutations

You are amphibious.
You cover ground slowly.
You can hop short distances.
You have an extended range of vision and can be seen from far away.


Message History

The slug dart hits you but does no damage.
You block the dart slug's attack.
You hit the dart slug.
The dart slug is heavily wounded.
The dart slug bites you but does no damage.
You slash the dart slug!
You kill the dart slug!
Found a stone staircase leading down.
A giant cockroach comes into view.
You block the giant cockroach's attack.
You slash the giant cockroach!
You kill the giant cockroach!
An orc comes into view.
It is wielding a +0 short sword of protection.
An orc comes into view.
It is wielding a +2 hand axe of electrocution.
An orc priest comes into view. It is wielding a +0 falchion.
The orc priest shouts!
You hear an angry hiss.
An orc comes into view.
It is wielding a +1 whip of electrocution.
The orc shouts!
The orc moves out of view.
The orc shouts!
An adder comes into view.
The orc hits you with a +2 hand axe of electrocution.
You hit the orc.
The orc is almost dead.
The orc priest calls upon Beogh to heal the orc.
The orc's wounds heal themselves!
You block the orc's attack.
You closely miss the orc. The orc barely misses you.
The orc hits you with a +2 hand axe of electrocution.
Your shield and chain mail prevent you from hitting the orc.
The orc priest invokes the aid of Beogh against you.
Beogh smites you!
The orc hits you with a +2 hand axe of electrocution.
You hit the orc.
The orc is almost dead.
The orc barely misses you.
You barely miss the orc priest. You block the orc priest's attack.
The orc hits you with a +2 hand axe of electrocution.
You are electrocuted!
You die...
Xom howls with laughter!

.....# #.......
####>## ########
###.### .....#
######.#.#######
...............#
#####..#.#####.#
######..#.# #.#
#....o@...# #.#
#.####o#..# #.#
...#####.####o#..#
#.###
..............#..#
#...#
............###..#
###.#####
...#####.##.# #..#
#.#.... . #.##.# #.>#
#.#.### ...... ...#
#.#.#
..........########.#.#


You could see an orc priest and 2 orcs.

Vanquished Creatures
  2 dart slugs
  5 ball pythons (D:1)
  A giant cockroach (D:2)
  2 goblins
  4 hobgoblins (D:1)
  2 jackals (D:2)
  A quokka (D:1)
  3 bats (D:1)
  3 frilled lizards (D:1)
  2 kobolds (D:2)
  2 rats (D:1)
27 creatures vanquished.

Vanquished Creatures (others)
  A demonic plant (D:1)
  5 fungi (D:1)
  3 plants (D:1)
9 creatures vanquished.

Grand Total: 36 creatures vanquished

Notes
Turn   | Place    | Note
-------+----------+-------------------------------------------
     0 | D:1      | Latro the Barachi Fighter began the quest for the Orb.
     0 | D:1      | Reached XP level 1. HP: 18/18 MP: 1/1
   369 | D:1      | Reached XP level 2. HP: 23/25 MP: 2/2
   375 | D:1      | Found a faded altar of an unknown god.
   461 | D:1      | Became a worshipper of Xom of Chaos
   805 | D:1      | Reached XP level 3. HP: 30/30 MP: 3/3
  1565 | D:2      | Slain by an orc

Illustrated notes

Levels and vault maps discovered:
D:1:      onia_arrival_mini_maze, layout_loops_ring,
          shapermc_ecumenical_altar_gd
D:2:      layout_loops_ring

Skill      XL: |  1  2  3 |
---------------+----------+-----
Fighting       | 4 |  4.0
Armour         | 4 |  4.1
Long Blades    | 3 |  3.0
Shields        | |  3.6

Action                   || total
-------------------------++-------
Melee: Long sword        ||    70
 Abil: Hop               ||     2
  Use: Scroll            ||     1
Armor: Scale mail        ||    25
       Chain mail        ||    10
Dodge: Dodged            ||    29
Block: Kite shield       ||    44
       Rpst.: Long sword ||     7
